 Dungeon Crawl Stone Soup version 0.25.1-2-g60ff931df9 (webtiles) character file.

Game seed: 12791083045372721023

23665 Erymatos the Cleaver (level 12, -17/116 HPs)
             Began as a Minotaur Berserker on Nov 10, 2020.
             Was a High Priest of Trog.
             Killed from afar by a deep elf mage (30 damage)
             ... with a bolt of lightning
             ... on level 14 of the Dungeon.
             The game lasted 00:35:14 (19089 turns).

Erymatos the Cleaver (Minotaur Berserker)          Turns: 19089, Time: 00:35:15

Health: -17/116    AC:  9    Str: 24    XL:     12   Next: 73%
Magic:  11/11      EV: 17    Int:  4    God:    Trog [*****.]
Gold:   657        SH: 13    Dex: 13    Spells: 11/11 levels left

rFire    . . .     SeeInvis +   L - +4 morningstar "Tyabb" {flame, *Drain rN+++ MR+++}
rCold    + . .     Gourm    .   R - +2 kite shield {reflect}
rNeg     + + +     Faith    +   F - +0 leather armour {rC+}
rPois    .         Spirit   .   (helmet restricted)
rElec    .         Reflect  +   C - +2 cloak {rCorr}
rCorr    +         Harm     .   (no gloves)
MR       +++..                  f - +1 pair of boots
Stlth    +.........             v - amulet of faith
HPRegen  0.29/turn              i - +4 ring of slaying
MPRegen  0.12/turn              P - ring of see invisible

@: no status effects
A: retaliatory headbutt, horns 2
a: Berserk, Trog's Hand, Brothers in Arms, Renounce Religion


You were on level 14 of the Dungeon.
You worshipped Trog.
Trog was extremely pleased with you.
You were not hungry.

You visited 1 branch of the dungeon, and saw 14 of its levels.

You collected 843 gold pieces.
You spent 186 gold pieces at shops.

Inventory:

Hand Weapons
 L - the +4 morningstar "Tyabb" (weapon) {flame, *Drain rN+++ MR+++}
   (You found it on level 10 of the Dungeon)

   It has been specially enchanted to burn those struck by it, causing extra
   injury to most foes and up to half again as much damage against particularly
   susceptible opponents.
   It renders you almost immune to negative energy.
   It affects your resistance to hostile enchantments.
   It causes draining when unequipped.
Armour
 f - a +1 pair of boots (worn)
 s - a +0 leather armour
 C - a +2 cloak of preservation (worn)
 F - a +0 leather armour of cold resistance (worn)
 I - a +0 kite shield of positive energy
 R - a +2 kite shield of reflection (worn)
Jewellery
 i - a +4 ring of slaying (left hand)
 t - an uncursed ring of ice
 v - an amulet of faith (around neck)
 H - an uncursed amulet of reflection {unknown}
 P - a ring of see invisible (right hand)
Wands
 u - a wand of paralysis (7)
 y - a wand of random effects (14)
 B - a wand of flame (49)
 D - a wand of acid (26)
 E - a wand of clouds (5)
 J - a wand of digging (7)
 M - a wand of iceblast (25)
Scrolls
 b - a scroll of noise {unknown}
 d - 3 scrolls of teleportation
 e - 4 scrolls of fog
 g - 3 scrolls of enchant armour
 k - 12 scrolls of remove curse
 l - 5 scrolls of amnesia
 m - 5 scrolls of magic mapping {unknown}
 q - 4 scrolls of fear {unknown}
 w - 9 scrolls of identify
 x - 2 scrolls of blinking {unknown}
 z - a scroll of enchant weapon {unknown}
 O - a scroll of acquirement {unknown}
 Q - 2 scrolls of torment {unknown}
Potions
 h - a potion of invisibility
 j - a potion of might {unknown}
 n - 4 potions of haste {unknown}
 o - a potion of resistance
 p - 3 potions of degeneration {unknown}
 r - 6 potions of curing {unknown}
 A - 2 potions of lignification {unknown}
 G - a potion of brilliance {unknown}
 K - a potion of stabbing {unknown}
 N - a potion of berserk rage {unknown}
 S - a potion of heal wounds
Comestibles
 a - 3 chunks of flesh
 c - 10 rations


   Skills:
 + Level 13.7 Fighting
   Level 14.3 Axes
 + Level 8.4 Armour
 + Level 11.8 Dodging
 - Level 1.1 Stealth
 + Level 6.4 Shields


You had 11 spell levels left.
You didn't know any spells.
Your spell library was empty.

Dungeon Overview and Level Annotations

Branches:
Dungeon (14/15)            Temple (0/1) D:7            Lair (0/6) D:8
    Orc (0/2) D:12
 Vaults: D:13-14

Altars:
Dithmenos
Nemelex Xobeh
Zin

Shops:
D:5 ?   D:12 (

Annotations:
D:13 1 transporter, exclusion: obsidian statue


Innate Abilities, Weirdness & Mutations

You reflexively headbutt those who attack you in melee.
You have a pair of horns on your head.


Message History

You block the deep elf mage's attack.
Unknown command.
You barely miss the deep elf mage. You headbutt the deep elf mage.
The deep elf mage is moderately wounded.
You hear the thunderous beating of a distant drum.
You hear the steady creaking of a very distant portcullis.
The deep elf mage gestures at you while chanting.
The bolt of lightning misses you.
Unknown command.
You barely miss the deep elf mage.
The deep elf mage is moderately wounded.
The deep elf mage points at you and mumbles some strange words.
The bolt of lightning hits you!!
* * * LOW HITPOINT WARNING * * *
Unknown command.
You closely miss the deep elf mage. You headbutt the deep elf mage.
The deep elf mage is heavily wounded.
The deep elf mage casts a spell at you. The bolt of lightning hits you!!
You die...

'##.. #......##..#
......#...##.......
#<....)...######....
.......#.<# ......
#....#....#####.#...=.
........#.......#.....
###...#####.##### ##.#
##..)..## ## #:.@e...#
#.........#
.......^<......
..###....^....##. #
##......%## ##.....##
###.### ..


You could see a deep elf mage.

Vanquished Creatures
  The ghost of cada the Basher, a journeyman TrEE of Okawaru (D:12)
  A centaur warrior (D:13)
  A two-headed ogre (D:14)
  A death knight (D:13)
  3 tengu warriors
  4 unseen horrors
  Pikel (D:6)
  A wolf spider zombie (D:9)
  2 ugly things (D:11)
  2 deep elf magi (D:14)
  2 cyclopes (D:12)
  Maurice (D:12)
  A gargoyle (D:10)
  2 komodo dragons (D:8)
  2 kobold demonologists (D:13)
  A tengu conjurer (D:13)
  2 trolls
  2 hippogriffs
  2 shadows
  2 wyverns (D:8)
  A spriggan (D:9)
  A wraith (D:13)
  A basilisk (D:10)
  3 yaks (D:10)
  6 vampire mosquitoes
  Eustachio (D:4)
  A soldier ant (D:14)
  Menkaure (D:5)
  2 hungry ghosts
  An ice beast (D:11)
  6 orc warriors
  A swamp drake (D:8)
  2 slaves (D:6)
  A necrophage (D:12)
  4 sky beasts
  9 ogres
  3 centaurs
  Blork the orc (D:5)
  2 crocodiles
  2 big kobolds
  9 bullfrogs
  A wyvern skeleton (D:12)
  5 scorpions
  9 killer bees (D:12)
  3 wights (D:12)
  3 howler monkeys
  A jelly (D:7)
  2 electric eels (D:12)
  4 centaur zombies
  4 crimson imps
  11 orc priests
  2 bullfrog zombies
  2 bullfrog skeletons
  4 hounds
  Crazy Yiuf (D:5)
  2 centaur skeletons
  5 iguanas
  Natasha (thrice) (D:4)
  8 orc wizards
  12 worker ants
  A killer bee zombie (D:8)
  A hound skeleton (D:5)
  2 mummies (D:12)
  A worker ant zombie (D:9)
  A howler monkey skeleton (D:6)
  24 gnolls (D:5)
  12 adders
  4 river rats (D:4)
  A shadow imp (D:14)
  An adder skeleton (D:4)
  9 worms
  9 leopard geckos
  48 orcs
  5 bats
  10 giant cockroaches
  13 goblins
  6 hobgoblins
  26 jackals
  3 quokkas
  4 ball pythons
  13 frilled lizards
  15 kobolds
  A leopard gecko skeleton (D:4)
  2 quokka skeletons
  11 rats
397 creatures vanquished.

Vanquished Creatures (collateral kills)
  A centaur warrior (D:13)
  2 skeletal warriors (D:13)
  A cyclops (D:13)
  A freezing wraith (D:13)
  A bullfrog (D:13)
  A gnoll sergeant (D:5)
  An orc priest (D:5)
  A gnoll shaman (D:5)
  An orc wizard (D:5)
  7 gnolls (D:5)
  3 plants (D:13)
20 creatures vanquished.

Vanquished Creatures (others)
  An orc priest (D:6)
  4 orcs (D:6)
  A quokka (D:6)
  A plant (D:13)
7 creatures vanquished.

Grand Total: 424 creatures vanquished

Notes
Turn   | Place    | Note
-------+----------+-------------------------------------------
     0 | D:1      | Erymatos the Minotaur Berserker began the quest for the
                  | Orb.
     0 | D:1      | Reached XP level 1. HP: 19/19 MP: 0/0
   200 | D:1      | Reached skill level 4 in Axes
   200 | D:1      | Reached XP level 2. HP: 25/27 MP: 1/1
   692 | D:1      | Reached ** piety under Trog
   697 | D:1      | Reached XP level 3. HP: 20/33 MP: 2/2
  1339 | D:2      | Found a sparkling altar of Nemelex Xobeh.
  2151 | D:3      | Reached XP level 4. HP: 41/41 MP: 3/3
  2281 | D:3      | You fall into a shaft and drop 3 floors!
  2282 | D:6      | Noticed a centaur
  2287 | D:6      | Killed a centaur
  2287 | D:6      | Reached skill level 5 in Axes
  2287 | D:6      | Reached skill level 1 in Stealth
  2287 | D:6      | Reached XP level 5. HP: 27/47 MP: 4/4
  2451 | D:6      | Reached skill level 5 in Fighting
  2645 | D:6      | Noticed a centaur
  2660 | D:6      | Killed a centaur
  2660 | D:6      | Reached skill level 6 in Axes
  2660 | D:6      | Reached XP level 6. HP: 51/56 MP: 5/5
  2969 | D:5      | Entered Level 5 of the Dungeon
  2969 | D:5      | Noticed a sky beast
  3089 | D:6      | Reached skill level 7 in Axes
  3336 | D:6      | Noticed an orc warrior
  3343 | D:6      | Reached XP level 7. HP: 52/62 MP: 6/6
  3748 | D:6      | Noticed Pikel
  3766 | D:6      | Killed Pikel
  3766 | D:6      | Reached skill level 9 in Axes
  3766 | D:6      | Reached XP level 8. HP: 44/71 MP: 7/7
  4207 | D:5      | Noticed Blork the orc
  4217 | D:5      | Killed Blork the orc
  4217 | D:5      | Reached *** piety under Trog
  4517 | D:4      | Noticed Natasha
  4524 | D:4      | Killed Natasha
  4703 | D:4      | Noticed Natasha
  4709 | D:4      | Killed Natasha
  4859 | D:4      | Noticed Natasha
  4867 | D:4      | Killed Natasha
  4948 | D:4      | Reached skill level 5 in Dodging
  5152 | D:4      | Reached **** piety under Trog
  5310 | D:4      | Reached skill level 10 in Axes
  5647 | D:4      | Noticed Eustachio
  5657 | D:4      | Killed Eustachio
  6462 | D:3      | Reached ***** piety under Trog
  6464 | D:3      | Reached XP level 9. HP: 79/79 MP: 8/8
  6523 | D:3      | Found a glowing silver altar of Zin.
  6728 | D:5      | Found Umya's Magic Scroll Shop.
  6734 | D:5      | Bought a scroll of identify for 24 gold pieces
  6734 | D:5      | Bought a scroll of enchant armour for 90 gold pieces
  6734 | D:5      | Bought a scroll of remove curse for 36 gold pieces
  6734 | D:5      | Bought a scroll of teleportation for 36 gold pieces
  6769 | D:5      | Reached skill level 5 in Armour
  7086 | D:5      | Found a runed translucent door.
  7087 | D:5      | Noticed Crazy Yiuf
  7094 | D:5      | Killed Crazy Yiuf
  7422 | D:5      | Noticed Menkaure
  7495 | D:5      | Received a gift from Trog
  7503 | D:5      | Killed Menkaure
  7503 | D:5      | Reached skill level 11 in Axes
  8628 | D:7      | Reached skill level 12 in Axes
  8690 | D:7      | Found a staircase to the Ecumenical Temple.
  9060 | D:8      | Reached XP level 10. HP: 90/90 MP: 9/9
 10176 | D:8      | Found a staircase to the Lair.
 10205 | D:8      | Reached skill level 13 in Axes
 10574 | D:9      | Received a gift from Trog
 11062 | D:9      | Reached skill level 10 in Fighting
 11591 | D:10     | Entered Level 10 of the Dungeon
 11591 | D:10     | Noticed a gargoyle
 11595 | D:10     | Killed a gargoyle
 12779 | D:10     | Got a translucent morningstar
 12780 | D:10     | Identified the +4 morningstar "Tyabb" {flame, *Drain rN+++
                  | MR+++} (You found it on level 10 of the Dungeon)
 12899 | D:10     | Reached XP level 11. HP: 101/101 MP: 10/10
 12977 | D:10     | Killed an unseen horror
 12977 | D:10     | Reached skill level 14 in Axes
 13560 | D:11     | Noticed a purple ugly thing
 13565 | D:11     | Killed a purple ugly thing
 13567 | D:11     | Reached ****** piety under Trog
 13737 | D:11     | Noticed a green ugly thing
 13751 | D:11     | Killed a green ugly thing
 13780 | D:11     | HP: 5/102 [poisoned by a green ugly thing]
 13785 | D:11     | HP: 4/102 [poisoned by a green ugly thing]
 13790 | D:11     | HP: 4/102 [poisoned by a green ugly thing]
 13798 | D:11     | HP: 4/102 [poisoned by a green ugly thing]
 14335 | D:12     | Noticed a tengu warrior
 14340 | D:12     | Noticed a tengu warrior
 14341 | D:12     | Killed a tengu warrior
 14350 | D:12     | Killed a tengu warrior
 14655 | D:12     | Found Teb Vipe's Weapon Boutique.
 14656 | D:12     | Found a staircase to the Orcish Mines.
 14664 | D:12     | Received a gift from Trog
 15143 | D:12     | Killed an unseen horror
 15491 | D:12     | Found a runed translucent door.
 15491 | D:12     | Noticed cada's ghost (journeyman TrEE)
 15495 | D:12     | Reached skill level 10 in Dodging
 15507 | D:12     | Killed cada's ghost
 15507 | D:12     | Reached skill level 1 in Shields
 16296 | D:12     | Noticed Maurice
 16304 | D:12     | Killed Maurice
 16577 | D:12     | Reached XP level 12. HP: 109/113 MP: 11/11
 16650 | D:13     | Noticed a death knight
 16660 | D:13     | Killed a death knight
 16673 | D:13     | Found a transporter.
 16711 | D:13     | Noticed a centaur warrior
 16719 | D:13     | HP: 3/113 [cyclops/large rock (23)]
 16722 | D:13     | Killed a centaur warrior
 16754 | D:12     | Received a gift from Trog
 17456 | D:13     | Noticed a tengu warrior
 17468 | D:13     | Killed a tengu warrior
 17473 | D:13     | Found a shadowy altar of Dithmenos.
 17473 | D:13     | Noticed a centaur warrior
 17484 | D:13     | Killed a centaur warrior
 17599 | D:13     | Found a transporter.
 18022 | D:13     | Reached skill level 5 in Shields
 18709 | D:14     | Noticed a two-headed ogre
 18724 | D:14     | Killed a two-headed ogre
 19089 | D:14     | Killed from afar by a deep elf mage

Illustrated notes

Levels and vault maps discovered:
D:1:      minmay_arrival_five_plusses, layout_basic, minmay_lizard_pond
D:2:      layout_basic, first_ration, nemelex_lonely_heart_becter
D:3:      layout_loops_ring, nicolae_overflow_crystal_walls, serial_glass,
          glass_columns_c, glass_columns_c, glass_columns_b, glass_columns_c,
          glass_columns_a, glass_columns_b, glass_columns_a, glass_columns_c
D:4:      layout_basic, lightli_sewer_entry_pipes, minivault_23,
          minmay_starry_boxes, uniq_natasha, uniq_eustachio, uniq_robin
D:5:      lemuel_castle_with_subvaults [lemuel_castle_interior_carwin_2],
          layout_loops_ring, serial_shops, shop, grunt_ministairs_3,
          uniq_blork_the_orc, uniq_crazy_yiuf_cottage, uniq_menkaure
D:6:      layout_loops_ring, hangedman_abyss_or_decor_passed, uniq_pikel
D:7:      layout_gridville, minmay_temple_entry_sparse_star
D:8:      layout_rooms, erik_lair_dragon
D:9:      layout_stronghold, grunt_pizzeria
D:10:     layout_small_grid
D:11:     layout_roguey
D:12:     layout_small_grid, orc_david_3, serial_undead, serial_undead_d,
          serial_undead_c, serial_undead_f, serial_undead_d,
          ebering_ghost_inner_flame, kennysheep_small_spiral, uniq_maurice
D:13:     gammafunk_wand_slinger, layout_rooms, minivault_15,
          nicolae_dithmenos_through_a_glass_darkly
D:14:     layout_rooms, david_vaults_4, dk_noncrumbling_4, enter_bailey_3,
          gauntlet_entry_generic, bh_hangedman_babel_library

Skill      XL: |  1  2  3  4  5  6  7  8  9 10 11 12 |
---------------+-------------------------------------+-----
Axes           | 4 5 6 7 9 10 12 13 14 | 14.3
Fighting       | 4 5 6 7 8 10 12 13 | 13.7
Dodging        | 3 4 5 7 8 10 11 | 11.8
Stealth        | 1 |  1.1
Armour         | 3 4 5 6 7 8 |  8.4
Shields        | 1 6 |  6.4

Action                   |  1- 3 |  4- 6 |  7- 9 | 10-12 || total
-------------------------+-------+-------+-------+-------++-------
Melee: Hand axe          |    71 |    51 |   392 |   189 ||   703
       Headbutt          |    11 |    10 |    86 |   105 ||   212
       Morningstar       |       |       |       |   276 ||   276
Invok: Berserk           |       |     2 |     5 |    15 ||    22
       Trog's Hand       |       |       |     1 |     5 ||     6
       Brothers in Arms  |       |       |     1 |     5 ||     6
  Use: Scroll            |       |       |     4 |     5 ||     9
       Potion            |       |       |       |     4 ||     4
 Stab: Sleeping          |       |       |     5 |     1 ||     6
       Distracted        |       |       |     1 |     1 ||     2
  Eat: Chunk             |     4 |     2 |    22 |    22 ||    50
       Ration            |       |     1 |       |     9 ||    10
Armor: Animal skin       |    17 |     3 |       |       ||    20
       Leather armour    |       |     1 |    55 |   154 ||   210
Dodge: Dodged            |    60 |    29 |   178 |   386 ||   653
Block: Kite shield       |       |       |       |   150 ||   150
